Map: Espesura EJ (Void)

Players

JuwlOz

  • Race: Terran Terran
  • League: Diamond
  • Spawn Location: 7:00

Asharai - Winner!

  • Race: Terran Terran
  • League: Platinum
  • Spawn Location: 1:00

VOD

https://youtu.be/ppdie-FfO3c

Description

Time

  • Played on: Dec. 10, 2016, 3:46 a.m.
  • Length: 15:35
Show
View Real Time Build Order
Export as new Build Order

JuwlOz Terran 

Build Orders:  

Get SALT Encoding   

  12  0:01  SCV  
  13  0:13  SCV  
  14  0:18  Supply Depot  
  14  0:27  SCV  
  15  0:39  SCV  
  15  0:41  Barracks  
  16  0:45  Refinery  
  16  0:51  SCV  
  17  1:03  SCV  
  18  1:16  SCV  
  19  1:29  Orbital Command  
  19  1:32  Barracks Reactor  
  19  1:44  Command Center  
  19  1:55  SCV  
  20  2:07  SCV  
  21  2:09  Supply Depot, Marine x2  
  23  2:16  Factory  
  23  2:31  SCV, Marine x2  
  23  2:35  Refinery  
  26  2:43  SCV  
  27  2:48  Marine x2  
  29  2:55  SCV  
  30  2:59  Factory Tech Lab  
  30  3:02  Starport  
  30  3:04  SCV  
  31  3:06  Marine x2  
  31  3:07  SCV  
  34  3:17  Orbital Command  
  34  3:24  Marine x2  
  34  3:25  Siege Tank  
  39  3:28  SCV  
  40  3:36  Engineering Bay  
  40  3:40  SCV  
  41  3:44  Viking  
  43  3:55  Marine x2  
  45  3:58  SCV  
  46  4:08  Missile Turret  
  46  4:11  Missile Turret  
  46  4:29  Supply Depot  
  46  4:34  Starport Tech Lab  
  46  4:37  Starport  
  46  4:44  Supply Depot  
  46  4:49  Missile Turret  
  46  4:50  Marine x2  
  46  4:51  SCV x2, Siege Tank  
  53  4:57  Supply Depot  
  53  5:03  SCV x2  
  55  5:07  Supply Depot  
  55  5:08  Raven  
  57  5:15  SCV x2, Refinery  
  57  5:18  Starport Reactor  
  59  5:27  SCV  
  60  5:29  Siege Tank  
  63  5:37  SCV  
  63  5:39  SCV  
  65  5:46  Refinery  
  65  5:49  SCV  
  66  5:52  Command Center  
  66  5:59  Raven  
  66  6:03  SCV x2  
  70  6:08  Supply Depot  
  70  6:09  Supply Depot  
  70  6:15  SCV  
  70  6:17  Factory  
  70  6:18  SCV  
  72  6:27  SCV  
  72  6:30  SCV  
  74  6:34  Viking x2  
  74  6:39  SCV  
  79  6:42  SCV  
  79  6:47  Corvid Reactor  
  80  6:51  SCV  
  80  6:56  Siege Tank  
  77  7:12  Viking x3  
  79  7:27  Missile Turret  
  79  7:29  Widow Mine  
  79  7:30  Missile Turret, Widow Mine  
  80  7:38  SCV x2  
  80  7:42  Orbital Command  
  82  7:48  Viking x2  
  82  7:50  SCV  
  87  7:54  Command Center  
  87  7:59  Siege Tank  
  87  8:00  Marine  
  91  8:09  Raven  
  93  8:18  Viking, Command Center, Marine  
  96  8:26  Recalibrated Explosives  
  96  8:37  SCV x3  
  99  8:42  Supply Depot  
  99  8:44  Supply Depot  
  99  8:46  Supply Depot, Refinery  
  99  8:48  Refinery  
  99  8:49  SCV  
  99  8:50  Viking x2  
  99  8:51  Widow Mine  
  106  8:58  Hellion x2  
  106  9:01  Armory  
  110  9:09  SCV x3  
  107  9:21  SCV x2  
  87  9:34  Viking x3  
  72  9:54  Missile Turret  
  72  9:55  Missile Turret  
  72  9:57  Missile Turret  
  72  9:58  Missile Turret x4  
  72  10:00  Missile Turret  
  72  10:04  Viking x3  
  78  10:07  Thor  
  78  10:12  SCV x3  
  87  10:14  Orbital Command  
  87  10:24  SCV x2  
  87  10:25  Missile Turret  
  87  10:27  Missile Turret  
  89  10:34  Viking x3  
  95  10:39  Terran Vehicle Weapons Level 1  
  95  10:42  Armory  
  96  10:50  SCV x4, Thor  
  96  10:54  Planetary Fortress  
  105  10:58  Missile Turret  
  105  11:03  Missile Turret  
  105  11:04  Viking  
  105  11:08  Hi-Sec Auto Tracking  
  105  11:10  Viking x2  
  111  11:16  Widow Mine x2  
  115  11:19  Missile Turret  
  115  11:26  SCV x2, Starport  
  115  11:30  SCV x2  
  119  11:33  Starport, Refinery  
  119  11:34  Viking  
  119  11:35  Refinery x2  
  119  11:36  Refinery  
  119  11:38  SCV x2  
  119  11:39  Missile Turret  
  123  11:42  SCV x2  
  125  11:47  Viking x2  
  101  12:04  Viking  
  99  12:17  Viking x2  
  104  12:23  Hellbat  
  89  12:49  Thor  
  95  12:53  Viking x3  
  101  12:59  Terran Vehicle Weapons Level 2  
  101  13:00  Starport x2, Terran Vehicle And Ship Armor Level 1  
  101  13:23  Viking x3  
  101  13:24  Command Center  
  107  13:28  Command Center  
  107  13:32  Starport Reactor  
  107  13:36  Thor  
  107  13:38  Widow Mine x2  
  107  13:40  Starport Reactor  
  117  13:41  Starport Reactor  
  117  13:48  Starport Reactor  
  117  13:53  Viking x3  
  122  14:13  Missile Turret  
  122  14:16  Viking x4, Missile Turret  
  130  14:22  Viking x2  
  130  14:23  Viking x3  
  128  14:28  Viking x2  
  119  14:38  Missile Turret  
  114  14:40  Missile Turret x3  
  113  14:46  Viking x4  
  113  14:52  Viking x2  
  121  14:53  Viking x3  
  121  14:58  Viking x2  
Show
View Real Time Build Order
Export as new Build Order

Asharai Terran - Winner!

Build Orders: 1/1/1 

Get SALT Encoding   

  12  0:01  SCV  
  13  0:13  SCV  
  14  0:17  Supply Depot  
  14  0:25  SCV  
  15  0:32  Refinery  
  15  0:41  Barracks  
  15  0:44  SCV  
  16  0:56  SCV  
  17  1:02  Refinery  
  17  1:08  SCV  
  18  1:20  SCV  
  19  1:31  Factory  
  19  1:33  Orbital Command  
  19  1:39  Supply Depot  
  19  1:59  SCV  
  20  2:11  SCV  
  21  2:16  Starport  
  21  2:23  SCV  
  22  2:35  SCV  
  23  2:44  Command Center  
  23  2:47  SCV  
  24  2:54  Fusion Core  
  24  2:55  Starport Tech Lab  
  24  2:59  SCV  
  25  3:11  SCV  
  26  3:23  SCV  
  27  3:35  SCV, Refinery  
  28  3:46  Weapon Refit, Supply Depot  
  28  3:47  SCV  
  29  3:56  Battlecruiser, Orbital Command  
  29  4:00  SCV  
  36  4:12  SCV  
  36  4:15  Orbital Command  
  37  4:25  Supply Depot  
  37  4:28  SCV  
  38  4:35  Armory  
  38  4:40  SCV  
  38  4:41  Starport  
  39  4:51  SCV  
  40  4:53  SCV  
  40  4:56  Refinery  
  40  4:58  Supply Depot  
  41  5:03  SCV  
  41  5:05  SCV  
  43  5:08  Battlecruiser  
  49  5:16  SCV  
  49  5:21  SCV  
  51  5:24  Command Center  
  51  5:25  Starport Tech Lab  
  51  5:38  SCV  
  52  5:50  SCV  
  52  5:52  Terran Vehicle And Ship Armor Level 1  
  53  5:59  Command Center  
  53  6:00  Battlecruiser  
  53  6:02  SCV  
  53  6:03  SCV  
  61  6:18  Battlecruiser  
  67  6:22  SCV  
  67  6:24  SCV  
  69  6:30  Supply Depot  
  69  6:32  Supply Depot  
  69  6:34  SCV  
  69  6:36  Orbital Command  
  70  6:44  SCV  
  70  6:46  SCV  
  72  6:55  Refinery  
  72  6:56  SCV  
  72  6:59  Starport  
  73  7:26  Battlecruiser x2  
  85  7:39  Orbital Command  
  85  7:46  Starport Tech Lab  
  85  7:47  Terran Vehicle And Ship Armor Level 2  
  85  7:53  Armory  
  85  7:55  Orbital Command  
  85  8:00  SCV  
  85  8:01  SCV  
  87  8:12  SCV  
  88  8:13  SCV  
  89  8:24  SCV  
  89  8:26  Refinery  
  90  8:31  Battlecruiser  
  96  8:36  SCV  
  96  8:38  SCV  
  96  8:39  SCV  
  99  8:56  Battlecruiser  
  99  8:58  Terran Ship Weapons Level 1  
  105  9:05  Supply Depot  
  105  9:11  Command Center  
  105  9:26  Orbital Command  
  105  9:28  Supply Depot  
  105  9:51  Supply Depot  
  105  10:01  SCV x4  
  109  10:08  Terran Vehicle And Ship Armor Level 3  
  109  10:10  Battlecruiser  
  109  10:11  Battlecruiser  
  109  10:13  SCV x2  
  123  10:14  Supply Depot  
  123  10:29  Refinery  
  123  10:31  Battlecruiser, Refinery  
  129  10:49  SCV  
  130  10:56  Terran Ship Weapons Level 2  
  130  11:01  SCV  
  130  11:03  Engineering Bay  
  131  11:14  SCV  
  131  11:17  Battlecruiser x2  
  144  11:31  Planetary Fortress  
  144  11:36  Battlecruiser  
  150  11:55  Refinery  
  144  12:52  Battlecruiser x3  
  162  13:06  SCV  
  163  13:27  Refinery  
  163  13:59  Battlecruiser  
  163  14:00  Battlecruiser  
  175  14:03  Battlecruiser  
Tags
 
Matchup
TvT
Opening
1/1/1
Race
Terran
Spawn Locations
Cross Positions
Add a new tag
Caveats
  • Supply blocks, unpowered buildings, or Contaminate may cause inaccurate times.
  • Supply counts are checked every 10 seconds.